 Dungeon Crawl Stone Soup version 0.29-a0-284-gf9362112df (webtiles) character file.

Game seed: 9393035494946104900

12006 epen the Archer (level 11, -2/77 (86) HPs)
             Began as a Gnoll Hunter on Mar 15, 2022.
             Was an Elder of Cheibriados.
             Killed from afar by Josephine (29 damage)
             ... with a ghostly fireball
             ... on level 11 of the Dungeon.
             The game lasted 00:19:01 (13189 turns).

epen the Archer (Gnoll Hunter)                     Turns: 13189, Time: 00:19:02

HP:   -2/77 (86)    AC:  7    Str: 20    XL:     11   Next: 86%
MP:   21/21         EV: 24    Int: 23    God:    Cheibriados [****..]
Gold: 479           SH:  0    Dex: 29    Spells: 21/23 levels left

rFire   . . .      SeeInvis .   k - +3 woodcutter's axe {vorpal}
rCold   . . .      Faith    .   (shield currently unavailable)
rNeg    . . .      Spirit   .   l - +0 troll leather armour
rPois   .          Reflect  .   (no helmet)
rElec   .          Harm     .   o - +1 cloak
rCorr   .          Rampage  .   (no gloves)
Will    .....                   (no boots)
Stlth   ++++......              (no amulet)
HPRegen 1.02/turn               s - +4 ring of evasion
MPRegen 0.17/turn               y - +6 ring of intelligence

@: about to teleport, slowed, heavily drained, very slow
A: fangs 1, strong nose, distributed training
a: Renounce Religion, Bend Time, Temporal Distortion, Slouch


You were on level 11 of the Dungeon.
You worshipped Cheibriados.
Cheibriados was greatly pleased with you.
You visited 2 branches of the dungeon, and saw 12 of its levels.

You collected 479 gold pieces.

Inventory:

Hand Weapons
 a - a +2 shortbow
 k - the +3 woodcutter's axe (weapon) {vorpal}
   (You took it off a centaur warrior on level 11 of the Dungeon)

   It inflicts extra damage upon your enemies.
 q - a +3 hand axe
 x - a +4 short sword
 D - a +2 trident of freezing
 K - a +5 spear of freezing
Missiles
 p - a throwing net
Armour
 b - a +0 leather armour
 l - a +0 troll leather armour (worn)
 o - a +1 cloak (worn)
 t - a +0 ring mail
 L - a +1 robe of fire resistance
Jewellery
 j - a ring of wizardry
 r - a ring of willpower
 s - a +4 ring of evasion (left hand)
 y - a +6 ring of intelligence (right hand)
Wands
 F - a wand of paralysis (7)
 H - a wand of digging (9)
Scrolls
 c - 5 scrolls of immolation
 d - a scroll of fog
 g - 4 scrolls of magic mapping
 i - a scroll of summoning
 n - 4 scrolls of enchant armour
 v - a scroll of enchant weapon
 B - a scroll of fear
 C - 2 scrolls of amnesia
 E - 2 scrolls of blinking
 N - a scroll of identify
Potions
 e - 2 potions of mutation {unknown}
 f - a potion of heal wounds
 h - 4 potions of degeneration
 m - 3 potions of brilliance
 u - 3 potions of haste {unknown}
 w - a potion of invisibility {unknown}
 z - 6 potions of lignification
 A - 3 potions of attraction {unknown}
 G - 2 potions of resistance {unknown}
 M - a potion of magic {unknown}


   Skills:
 + Level 8.2 Fighting
 + Level 6.7 Short Blades
 + Level 6.7 Long Blades
 + Level 6.7 Axes
 + Level 6.7 Maces & Flails
 + Level 6.7 Polearms
 + Level 6.7 Staves
 + Level 6.7 Slings
 + Level 10.8 Bows
 + Level 6.7 Crossbows
 + Level 6.7 Throwing
 + Level 6.7 Armour
 + Level 8.2 Dodging
 + Level 7.1 Stealth
 + Level 6.7 Shields
 + Level 6.7 Unarmed Combat
 + Level 6.7 Spellcasting
 + Level 5.5 Conjurations
 + Level 5.5 Hexes
 + Level 5.5 Summonings
 + Level 5.5 Necromancy
 + Level 5.5 Translocations
 + Level 5.5 Transmutations
 + Level 5.5 Fire Magic
 + Level 5.5 Ice Magic
 + Level 5.5 Air Magic
 + Level 5.5 Earth Magic
 + Level 5.5 Poison Magic
 + Level 7.3 Invocations
 + Level 6.7 Evocations


You had 21 spell levels left.
You knew the following spells:

 Your Spells              Type           Power      Damage    Failure   Level
a - Poisonous Vapours     Pois/Air       66%        N/A       1%          2

Your spell library contained the following spells:

 Spells                   Type           Power      Damage    Failure   Level
 Animate Skeleton         Necr           66%        N/A       1%          1
 Apportation              Tloc           66%        N/A       1%          1
 Beastly Appendage        Tmut           66%        N/A       1%          1
 Magic Dart               Conj           100%       1d8       1%          1
 Pain                     Necr           100%       1d9       1%          1
 Summon Small Mammal      Summ           100%       N/A       1%          1
 Corpse Rot               Necr/Air       66%        N/A       1%          2
 Searing Ray              Conj           66%        2d6       1%          2
 Wereblood                Tmut           33%        N/A       1%          2
 Dazzling Flash           Conj/Hex       66%        N/A       2%          3
 Gell's Gravitas          Tloc           33%        N/A       2%          3
 Lesser Beckoning         Tloc           33%        N/A       2%          3
 Spider Form              Tmut/Pois      33%        N/A       2%          3
 Teleport Other           Tloc           33%        N/A       2%          3
 Vampiric Draining        Necr           33%        2d8       2%          3
 Fulminant Prism          Conj/Hex       16%        3d11      10%         4
 Iskenderun's Mystic Bla  Conj/Tloc      33%        2d8       10%         4
 Passage of Golubria      Tloc           33%        N/A       10%         4
 Silence                  Hex/Air        16%        N/A       26%         5
 Starburst                Conj/Fire      16%        6d6       82%         6
 Lehudib's Crystal Spear  Conj/Erth      16%        10d5      100%        8


Dungeon Overview and Level Annotations

Branches:
Dungeon (11/15)            Temple (1/1) D:6            Lair (0/6) D:11
    Orc: D:9-12

Altars:
Ashenzari
Cheibriados
Dithmenos
Elyvilon
Fedhas
Gozag
Hepliaklqana
Kikubaaqudgha
Makhleb
Nemelex Xobeh
Okawaru
Qazlal
Ru
Sif Muna
Trog
Uskayaw
Vehumet
Wu Jian
Xom
Yredelemnul
Zin
The Shining One

Shops:
D:5 *

Annotations:
D:6 3 runed translucent doors, 1 exclusion, Ajdolov's ghost, novice OpTm; FlatIsJustice's ghost, novice DEEE
D:11 Josephine


Innate Abilities, Weirdness & Mutations

You have very sharp teeth.
Your uncanny sense of smell can sniff out nearby items.
Your experience applies equally to all skills.


Message History

The wraith drains your vigour!
You feel as though you will be slow longer.
You barely miss the wraith.
The wraith is severely damaged.
You slash the wraith!
Josephine gestures at you while chanting.
The ghostly flame explodes!
The ghostly fireball engulfs the wraith.
The wraith completely resists.
The ghostly fireball engulfs you!
You feel drained. The wraith misses you. x2
You hear a bellow! x4
You completely miss the wraith.
The wraith is almost destroyed.
You slash the wraith!
You destroy the wraith!
Cheibriados appreciates the change of pace.
The wraith hits you but does no damage. Josephine casts a spell at you.
The ghostly flame explodes!
The ghostly fireball engulfs you!!
You feel drained.
The ghostly fireball engulfs the wraith but does no damage.
The wraith completely resists.
You are too injured to fight recklessly!
Aiming: Paralyse
Press: ? - help, Shift-Dir - straight line, f - Josephine
Aim: Josephine, wielding a +2 dagger of protection and wearing a +2 robe of willpower (chance to affect: 7%) Josephine resists with almost no effort.
The wraith misses you.
A wraith comes into view.
The wraith barely misses you.
As you read the scroll of teleportation, it crumbles to dust.
You feel strangely unstable. The wraith completely misses you.
You barely miss the wraith.
The wraith is almost destroyed.
You slash Josephine! The wraith hits you! The wraith drains your vigour!
You feel as though you will be slow longer.
Josephine casts a spell at you.
The ghostly flame explodes!
The ghostly fireball engulfs you!!
You feel drained.
You die...

. #.###......# #.).(...
..###.###..#...####...##..
....................(.##..
####....######....#...##..
........#|............##..
........#......##.....##..
........#......##.....##<.
........#.@...........##..
........#@...#....#...##..
..........W.......#...##..
..........##..... ...
..........# .... ...
........... ...∆ #..
####....#... ## #..
........... ....##.......
.... #.∆......


You could see Josephine and a wraith.

Vanquished Creatures
  A hydra (D:11)
  2 two-headed ogres
  A centaur warrior (D:11)
  Pikel (D:8)
  An ugly thing (D:11)
  2 cyclopes (D:11)
  A cane toad (shapeshifter) (D:8)
  An unseen horror (D:11)
  3 kobold demonologists (D:9)
  A troll (D:11)
  A hornet (D:10)
  Prince Ribbit (D:9)
  A wyvern (D:9)
  4 yaks (D:11)
  A basilisk (D:11)
  4 wraiths (D:11)
  Grum (D:8)
  2 steam dragons (D:9)
  A sky beast (D:6)
  2 ice beasts
  A black bear (D:6)
  3 orc warriors
  3 wolves (D:8)
  3 ogres
  4 centaurs
  2 lemures
  A phantom (D:4)
  3 kobold brigands (D:9)
  A gnoll sergeant (D:6)
  2 bullfrogs
  A necrophage (D:4)
  4 scorpions
  7 wights
  7 killer bees
  A vampire bat (D:3)
  11 howler monkeys
  A jelly (D:8)
  2 hounds (D:6)
  4 orc priests
  Crazy Yiuf (D:4)
  A gnoll shaman (D:7)
  7 iguanas
  6 orc wizards
  16 gnolls
  6 adders
  13 white imps
  2 ufetubi
  A worm (D:2)
  A dart slug (D:3)
  31 orcs
  5 endoplasms
  3 giant cockroaches
  6 goblins
  4 hobgoblins
  4 jackals (D:4)
  3 quokkas
  A ball python (D:3)
  11 bats
  A frilled lizard (D:2)
  15 kobolds
  9 rats
240 creatures vanquished.

Vanquished Creatures (others)
  A kobold (D:9)
  6 withered plants (D:6)
7 creatures vanquished.

Grand Total: 247 creatures vanquished

Notes
Turn   | Place    | Note
-------+----------+-------------------------------------------
     0 | D:1      | epen the Gnoll Hunter began the quest for the Orb.
     0 | D:1      | Reached XP level 1. HP: 20/20 MP: 1/1
   152 | D:1      | Reached XP level 2. HP: 26/26 MP: 2/2
   676 | D:2      | Reached XP level 3. HP: 31/31 MP: 3/3
   877 | D:2      | Reached skill level 1 in Invocations
   892 | D:2      | Reached skill level 1 in Short Blades
   892 | D:2      | Reached skill level 1 in Long Blades
   892 | D:2      | Reached skill level 1 in Axes
   892 | D:2      | Reached skill level 1 in Maces & Flails
   892 | D:2      | Reached skill level 1 in Polearms
   892 | D:2      | Reached skill level 1 in Staves
   892 | D:2      | Reached skill level 1 in Slings
   892 | D:2      | Reached skill level 1 in Crossbows
   892 | D:2      | Reached skill level 1 in Throwing
   892 | D:2      | Reached skill level 1 in Armour
   892 | D:2      | Reached skill level 1 in Shields
   892 | D:2      | Reached skill level 1 in Unarmed Combat
   892 | D:2      | Reached skill level 1 in Spellcasting
   892 | D:2      | Reached skill level 1 in Evocations
   892 | D:2      | Reached XP level 4. HP: 10/38 MP: 5/5
  1803 | D:3      | Reached skill level 1 in Conjurations
  1803 | D:3      | Reached skill level 1 in Hexes
  1803 | D:3      | Reached skill level 1 in Summonings
  1803 | D:3      | Reached skill level 1 in Necromancy
  1803 | D:3      | Reached skill level 1 in Translocations
  1803 | D:3      | Reached skill level 1 in Transmutations
  1803 | D:3      | Reached skill level 1 in Fire Magic
  1803 | D:3      | Reached skill level 1 in Ice Magic
  1803 | D:3      | Reached skill level 1 in Air Magic
  1803 | D:3      | Reached skill level 1 in Earth Magic
  1803 | D:3      | Reached skill level 1 in Poison Magic
  2090 | D:3      | Reached XP level 5. HP: 29/43 MP: 5/7
  2675 | D:4      | Reached XP level 6. HP: 40/50 MP: 8/8
  2786 | D:4      | Found a runed translucent door.
  2787 | D:4      | Noticed Crazy Yiuf
  2936 | D:4      | Found a broken altar of Ashenzari.
  2981 | D:4      | Reached skill level 5 in Fighting
  2981 | D:4      | Reached skill level 5 in Dodging
  3409 | D:4      | Killed Crazy Yiuf
  3622 | D:5      | Entered Level 5 of the Dungeon
  3678 | D:5      | Noticed an ice beast
  3713 | D:4      | Learned a level 2 spell: Poisonous Vapours
  3806 | D:5      | Noticed an orc warrior
  3818 | D:5      | Killed an orc warrior
  3819 | D:5      | Reached XP level 7. HP: 13/56 MP: 1/10
  4255 | D:5      | Found Exelo's Assorted Antiques.
  4572 | D:5      | Reached skill level 9 in Bows
  4902 | D:5      | Reached XP level 8. HP: 9/63 MP: 12/12
  5187 | D:6      | Found a runed translucent gate.
  5187 | D:6      | Found a runed translucent gate.
  5187 | D:6      | Found a runed translucent gate.
  5205 | D:6      | Noticed a yak
  5543 | D:6      | Noticed Ajdolov's ghost (novice OpTm)
  5543 | D:6      | Noticed FlatIsJustice's ghost (novice DEEE)
  6373 | D:6      | Found a staircase to the Ecumenical Temple.
  6380 | D:6      | Reached XP level 9. HP: 57/69 MP: 14/14
  6388 | Temple   | Entered the Ecumenical Temple
  6670 | Temple   | Became a worshipper of Cheibriados the Contemplative
  7354 | D:7      | Found a shadowy altar of Dithmenos.
  7995 | D:7      | Found an iron altar of Okawaru.
  8139 | D:8      | Reached skill level 5 in Stealth
  8140 | D:8      | Noticed Grum
  8156 | D:8      | Killed Grum
  8368 | D:8      | Reached * piety under Cheibriados
  8452 | D:8      | Noticed a two-headed ogre
  8461 | D:8      | Killed a two-headed ogre
  8462 | D:8      | Reached skill level 5 in Invocations
  8462 | D:8      | Reached XP level 10. HP: 24/77 MP: 15/17
  9001 | D:8      | Found a blossoming altar of Fedhas.
  9087 | D:8      | Reached skill level 5 in Short Blades
  9087 | D:8      | Reached skill level 5 in Long Blades
  9087 | D:8      | Reached skill level 5 in Axes
  9087 | D:8      | Reached skill level 5 in Maces & Flails
  9087 | D:8      | Reached skill level 5 in Polearms
  9087 | D:8      | Reached skill level 5 in Staves
  9087 | D:8      | Reached skill level 5 in Slings
  9087 | D:8      | Reached skill level 5 in Crossbows
  9087 | D:8      | Reached skill level 5 in Throwing
  9087 | D:8      | Reached skill level 5 in Armour
  9087 | D:8      | Reached skill level 5 in Shields
  9087 | D:8      | Reached skill level 5 in Unarmed Combat
  9087 | D:8      | Reached skill level 5 in Spellcasting
  9087 | D:8      | Reached skill level 5 in Evocations
  9235 | D:8      | Noticed a cane toad
  9235 | D:8      | a blink frog changed into a cane toad
  9237 | D:8      | Killed a cane toad
  9238 | D:8      | Reached skill level 10 in Bows
  9316 | D:8      | Reached ** piety under Cheibriados
  9860 | D:9      | Noticed a kobold demonologist
  9860 | D:9      | Noticed a kobold demonologist
  9931 | D:9      | Noticed a two-headed ogre
  9935 | D:9      | Killed a two-headed ogre
 10592 | D:9      | Noticed Pikel
 10667 | D:8      | Killed Pikel
 10812 | D:9      | Noticed Prince Ribbit
 10819 | D:9      | Killed Prince Ribbit
 10881 | D:9      | Killed a kobold demonologist
 10882 | D:9      | Reached XP level 11. HP: 80/84 MP: 19/19
 11314 | D:9      | Reached skill level 5 in Conjurations
 11314 | D:9      | Reached skill level 5 in Hexes
 11314 | D:9      | Reached skill level 5 in Summonings
 11314 | D:9      | Reached skill level 5 in Necromancy
 11314 | D:9      | Reached skill level 5 in Translocations
 11314 | D:9      | Reached skill level 5 in Transmutations
 11314 | D:9      | Reached skill level 5 in Fire Magic
 11314 | D:9      | Reached skill level 5 in Ice Magic
 11314 | D:9      | Reached skill level 5 in Air Magic
 11314 | D:9      | Reached skill level 5 in Earth Magic
 11314 | D:9      | Reached skill level 5 in Poison Magic
 11336 | D:10     | Entered Level 10 of the Dungeon
 11536 | D:10     | Paralysed by a hornet for 2 turns
 11894 | D:10     | Reached *** piety under Cheibriados
 11994 | D:10     | Found a sparkling altar of Nemelex Xobeh.
 12024 | D:10     | Found a sacrificial altar of Ru.
 12079 | D:10     | Found an opulent altar of Gozag.
 12225 | D:10     | Found a hide-covered altar of Uskayaw.
 12422 | D:10     | Found an ornate altar of the Wu Jian Council.
 12523 | D:11     | Noticed a five-headed hydra
 12786 | D:11     | Killed a five-headed hydra
 12787 | D:11     | Noticed a cyclops
 12798 | D:11     | Killed a cyclops
 12800 | D:11     | Noticed a cyclops
 12808 | D:11     | Noticed a green ugly thing
 12815 | D:11     | Killed a cyclops
 12851 | D:11     | Found a staircase to the Lair.
 12871 | D:11     | Found a frozen archway.
 13048 | D:11     | Killed a green ugly thing
 13063 | D:11     | Noticed a centaur warrior
 13077 | D:11     | Killed a centaur warrior
 13181 | D:11     | Noticed Josephine
 13183 | D:11     | Reached **** piety under Cheibriados
 13189 | D:11     | Killed from afar by Josephine

Illustrated notes

Levels and vault maps discovered:
D:1:      dpeg_arrival_erosion, layout_basic
D:2:      layout_basic
D:3:      minmay_razor_zed, layout_rooms, hangedman_decor_diamond_cutter,
          roderic_batcave
D:4:      layout_gridville, mainiacjoe_overflow_brackets,
          uniq_crazy_yiuf_cottage
D:5:      layout_basic, serial_shops, nicolae_shop_behind_doors,
          chequers_serial_rivers_micro_b, minivault_4
D:6:      layout_rooms, temple_doors_e, gammafunk_ghost_cemetery
D:7:      layout_basic, lemuel_tele_altar, amcnicky_altar_gilded
D:8:      layout_basic, mainiacjoe_overflow_six_doors_small,
          chequers_serial_rivers_micro_b, uniq_grum
D:9:      layout_rooms, minmay_misc_feat_square, minmay_misc_feat_plants,
          uniq_pikel, uniq_prince_ribbit1
D:10:     layout_layer_cave, mainiacjoe_overflow_boulevard,
          nzn_wu_jian_council_hall, nicolae_uskayaw_suspiria,
          nicolae_ru_sacrificial_ziggurat, nemelex_diamond_rough_becter
D:11:     minmay_cut_squares, layout_long_grid, portal_ice_cave_entry_imps,
          uniq_josephine
Temple:   nicolae_temple_figure_eight

Skill      XL: |  1  2  3  4  5  6  7  8  9 10 11 |
---------------+----------------------------------+-----
Invocations    | 1 2 3 4 5 6 7 |  7.3
Short Blades   | 1 2 3 4 5 6 |  6.7
Long Blades    | 1 2 3 4 5 6 |  6.7
Axes           | 1 2 3 4 5 6 |  6.7
Maces & Flails | 1 2 3 4 5 6 |  6.7
Polearms       | 1 2 3 4 5 6 |  6.7
Staves         | 1 2 3 4 5 6 |  6.7
Slings         | 1 2 3 4 5 6 |  6.7
Crossbows      | 1 2 3 4 5 6 |  6.7
Throwing       | 1 2 3 4 5 6 |  6.7
Armour         | 1 2 3 4 5 6 |  6.7
Shields        | 1 2 3 4 5 6 |  6.7
Unarmed Combat | 1 2 3 4 5 6 |  6.7
Spellcasting   | 1 2 3 4 5 6 |  6.7
Evocations     | 1 2 3 4 5 6 |  6.7
Conjurations   | 1 2 3 4 5 |  5.5
Hexes          | 1 2 3 4 5 |  5.5
Summonings     | 1 2 3 4 5 |  5.5
Necromancy     | 1 2 3 4 5 |  5.5
Translocations | 1 2 3 4 5 |  5.5
Transmutations | 1 2 3 4 5 |  5.5
Fire Magic     | 1 2 3 4 5 |  5.5
Ice Magic      | 1 2 3 4 5 |  5.5
Air Magic      | 1 2 3 4 5 |  5.5
Earth Magic    | 1 2 3 4 5 |  5.5
Poison Magic   | 1 2 3 4 5 |  5.5
Stealth        | 3 4 5 6 7 |  7.1
Fighting       | 5 6 7 8 |  8.2
Dodging        | 5 6 7 8 |  8.2
Bows           | 9 10 | 10.8

Action                   |  1- 3 |  4- 6 |  7- 9 | 10-12 || total
-------------------------+-------+-------+-------+-------++-------
Melee: Hand axe          |       |    65 |     5 |     6 ||    76
       Bite              |       |     5 |    23 |    24 ||    52
       Short sword       |       |     5 |    44 |       ||    49
       Shortbow          |       |       |     3 |       ||     3
       Punch             |       |       |     7 |    15 ||    22
       Trident           |       |       |   163 |    48 ||   211
       Spear             |       |       |       |   148 ||   148
       Battleaxe         |       |       |       |    12 ||    12
 Fire: Shortbow          |    85 |    88 |   107 |   209 ||   489
 Cast: Poisonous Vapours |       |     7 |    22 |     7 ||    36
Evoke: Wand              |       |       |     9 |    27 ||    36
  Use: Scroll            |       |    13 |     2 |     5 ||    20
       Potion            |       |       |     2 |     6 ||     8
 Stab: Sleeping          |       |     2 |     3 |       ||     5
       Distracted        |       |       |     2 |       ||     2
       Paralysed         |       |       |    11 |     2 ||    13
Armor: Leather armour    |     1 |    15 |       |       ||    16
       Ring mail         |       |    11 |    55 |    29 ||    95
       Troll leather arm |       |       |       |    11 ||    11
Dodge: Dodged            |    23 |    86 |   177 |   305 ||   591

Table legend: (Time is in decaauts)
 A = Elapsed time spent in this place.
 B = Non-inter-level travel time spent in this place.
 C = Inter-level travel time spent in this place.
 D = Time resting spent in this place.
 E = Time spent auto-exploring this place.
 F = Levels seen in this place.
 G = Mean time per level.
                   A        B        C        D        E       F      G
               +--------+--------+--------+--------+--------+-----+--------+
         Total |  14647 |  13977 |    670 |   2794 |   8957 |  12 | 1220.6 |
       Dungeon |  14325 |  13693 |    632 |   2794 |   8704 |  11 | 1302.3 |
        Temple |    322 |    284 |     38 |      0 |    253 |   1 |  322.0 |
               +--------+--------+--------+--------+--------+-----+--------+

Top non-repeatable levels by time:
     D:8: 2520 daAuts
    D:10: 1602 daAuts
     D:7: 1492 daAuts
     D:4: 1352 daAuts
     D:6: 1344 daAuts
     D:3: 1282 daAuts
     D:9: 1273 daAuts
     D:5: 1215 daAuts
    D:11: 869 daAuts
     D:2: 787 daAuts
     D:1: 585 daAuts
  Temple: 322 daAuts
